 Dungeon Crawl Stone Soup version 0.31.0 (webtiles) character file.

Game seed: 16967454312816311660

68 qw the Shooter (level 4, -1/28 HPs)
             Began as a Gargoyle Hunter on Jan 19, 2024.
             Slain by a goblin
             ... wielding a +0 club
             ... led by Robin
              (4 damage)
             ... on level 2 of the Dungeon.
             The game lasted 00:00:04 (1264 turns).

qw the Shooter (Gargoyle Hunter)                    Turns: 1264, Time: 00:00:04

Health: -1/28      AC:  6    Str: 15    XL:     4   Next: 19%
Magic:  4/4        EV: 11    Int:  9    God:
Gold:   28         SH:  0    Dex: 15    Spells: 3/3 levels left

rFire   . . .        a - +1 shortbow
rCold   . . .        (shield currently unavailable)
rNeg    + . .        c - +0 leather armour
rPois   inf          (no helmet)
rElec   +            (no cloak)
rCorr   .            (no gloves)
SInv    .            (no boots)
Will    .....        (no amulet)
Stlth   ++           (no ring)
HPRegen 0.24/turn    (no ring)
MPRegen 0.09/turn

%: no passive effects
@: no status effects
A: sickness immunity, AC +3, negative energy resistance 1, electricity
resistance, torment resistance 1, petrification resistance
a: no special abilities


You were on level 2 of the Dungeon.
You visited 1 branch of the dungeon, and saw 2 of its levels.

You collected 28 gold pieces.


Innate Abilities, Weirdness & Mutations

You are immune to sickness and miasma.
Your stone body is resilient. (AC +3)
You are immune to poison.
You resist negative energy. (rN+)
You are resistant to electric shocks. (rElec)
You are resistant to unholy torment.
You are immune to petrification.


   Skills:
 - Level 3.1 Fighting
 + Level 5.2 Ranged Weapons
 - Level 1.5 Dodging
 - Level 1.1 Stealth


You had 3 spell levels left.
You didn't know any spells.
Your spell library was empty.

Inventory:

Hand Weapons
 a - a +1 shortbow (weapon)
Armour
 c - a +0 leather armour (worn)
 g - a +0 ring mail
Scrolls
 d - a scroll of teleportation {unknown}
 f - a scroll of revelation {unknown}
 i - a scroll of poison {unknown}
Potions
 b - a potion of invisibility {unknown}
 e - a potion of might {unknown}
 h - 2 potions of enlightenment {unknown}

Dungeon Overview and Level Annotations

Branches:
Dungeon (2/15)

Altars:

Annotations:
D:2 Robin


Message History

You kill the goblin!
The goblin hits you but does no damage. x2
Robin of the Strong Arm comes into view.
They are wielding a +0 club.
The goblin hits you with a +0 club. The goblin closely misses you.
You shoot an arrow. The arrow completely misses the goblin.
The arrow hits the goblin.
You kill the goblin!
Robin roars a battlecry!
The goblins go into a battle-frenzy!
The goblin hits you with a +0 club. The goblin barely misses you.
You shoot an arrow. The arrow closely misses the goblin.
The arrow hits the goblin.
The goblin is severely wounded.
The goblin closely misses you. The goblin hits you but does no damage.
You shoot an arrow. The arrow hits the goblin.
The goblin is severely wounded.
Robin throws the goblin at you! The goblin closely misses you.
The goblin hits you with a +0 club. x2
You shoot an arrow. The arrow hits the goblin!
You kill the goblin!
Robin roars a battlecry!
The goblin goes into a battle-frenzy!
The goblin hits you with a +0 club. The goblin closely misses you.
You shoot an arrow. The arrow hits the hobgoblin!
You kill the hobgoblin!
The goblin hits you but does no damage. The goblin closely misses you.
Robin throws the goblin at you! The goblin hits you with a +0 club. x2
The goblin hits you with a +0 dagger.
You shoot an arrow. The arrow hits the hobgoblin.
The hobgoblin is lightly wounded.
The goblin hits you but does no damage. The goblin closely misses you.
The goblin misses you. The hobgoblin hits you.
You shoot an arrow. The arrow closely misses the hobgoblin.
The arrow hits Robin.
Robin is lightly wounded.
The goblin hits you but does no damage. x3; The hobgoblin hits you.
You shoot an arrow. The arrow hits the hobgoblin.
The hobgoblin is severely wounded.
The goblin hits you with a +0 club.
You die...

#.#########.###
#######...#..........
#.......#.#.#####....
#.#####.#.# #....
#.%...#.# #####....
#.#####.# #........
#.......#>.......##
#gg##########....#
##@# #....# #ggg.[.#
##..## ###)...# ##.#
....# #.# ...# #.
'### #


You could see Robin, a hobgoblin (strong) and 3 goblins.

Vanquished Creatures
  An adder (D:2)
  A dart slug (D:1)
  4 ball pythons
  A bat (D:1)
  2 endoplasms (D:1)
  5 giant cockroaches
  8 goblins
  7 hobgoblins
  6 jackals
  3 kobolds
  4 quokkas (D:1)
  A frilled lizard (D:1)
  4 rats
  A spectral hobgoblin (D:1)
48 creatures vanquished.

Notes
Turn   | Place    | Note
-------+----------+-------------------------------------------
     0 | D:1      | qw the Gargoyle Hunter began the quest for the Orb.
     0 | D:1      | Reached XP level 1. HP: 12/12 MP: 1/1
     0 | D:1      | 0 ||| qw: Version: 0.3-a-132-g3d54051
     0 | D:1      | 0 ||| qw: Game counter: 321
     0 | D:1      | 0 ||| qw: Melee chars always use a shield: true
     0 | D:1      | 0 ||| qw: God list: Okawaru
     0 | D:1      | 0 ||| qw: Allow faded altars: false
     0 | D:1      | 0 ||| qw: Do Orc after clearing Dungeon:15 true
     0 | D:1      | 0 ||| qw: Do second Lair branch before Depths: true
     0 | D:1      | 0 ||| qw: Lair rune preference: random
     0 | D:1      | 0 ||| qw: Goals: Normal
     0 | D:1      | 0 ||| PLANNING D:1-11
   225 | D:1      | Reached XP level 2. HP: 17/17 MP: 2/2
   397 | D:1      | Reached XP level 3. HP: 21/21 MP: 3/3
   416 | D:1      | Reached skill level 5 in Ranged Weapons
   576 | D:1      | Found a faded altar of an unknown god.
   833 | D:1      | 833 ||| READING scroll labelled EMIMOU DINK.
   833 | D:1      | 833 ||| ENCHANTING +0 shortbow.
   834 | D:1      | 834 ||| READING scroll labelled MEMYENT DAG TEL.
   835 | D:1      | 835 ||| READING scroll labelled QOEBODGH LUOR.
   936 | D:1      | 936 ||| DROPPING scroll of butterflies.
  1006 | D:2      | Reached skill level 3 in Fighting
  1006 | D:2      | 1006 ||| FLEEEEING.
  1010 | D:2      | 1010 ||| STAIRDANCE
  1195 | D:2      | Reached XP level 4. HP: 28/28 MP: 4/4
  1256 | D:2      | Noticed Robin
  1261 | D:2      | HP: 7/28 [goblin/+0 dagger[Robin] (3)]
  1262 | D:2      | HP: 3/28 [hobgoblin[Robin] (4)]
  1264 | D:2      | Slain by a goblin

Levels and vault maps discovered:
D:1:      dpeg_arrival_round_a, layout_loops_ring,
          dreamdust_ecumenical_altar_drowned_temple
D:2:      layout_basic, nicolae_concentric_dashed_squares_mild, uniq_robin

Skill      XL: |  1  2  3 |
---------------+----------+-----
Ranged Weapons | 5 |  5.2
Fighting       | 3 |  3.1
Dodging        | |  1.5
Stealth        | |  1.1

Action                     |  1- 3 |  4- 6 || total
---------------------------+-------+-------++-------
   Fire: Shortbow          |   114 |    19 ||   133
    Use: Scroll            |     3 |       ||     3
 Armour: Leather armour    |    47 |    24 ||    71
  Dodge: Dodged            |    41 |    12 ||    53

Table legend:
 A = Non-vault XP
 B = Vault XP
 C = Vault XP percentage of total XP
 D = Non-vault monster count
 E = Vault monster count
 F = Vault count percentage of total count
                 A         B        C        D         E       F
            +---------+---------+-------+---------+---------+-------
      Total |      84 |      14 |  14.3 |      40 |       8 |  16.7
            +---------+---------+-------+---------+---------+-------
        D:1 |      56 |       1 |   1.8 |      30 |       1 |   3.2
        D:2 |      28 |      13 |  31.7 |      10 |       7 |  41.2
            +---------+---------+-------+---------+---------+-------
